 Dungeon Crawl Stone Soup version 0.25.1-2-g60ff931 (webtiles) character file.

Game seed: 8768253717493324286

483 ufetubus the Slasher (level 7, 0/45 HPs)
             Began as a Halfling Fighter on July 31, 2020.
             Was a Believer of Qazlal.
             Slain by Grinder (5 damage)
             ... on level 4 of the Dungeon.
             The game lasted 00:07:20 (3367 turns).

ufetubus the Slasher (Halfling Fighter)             Turns: 3367, Time: 00:07:20

Health: 0/45       AC:  8    Str: 19    XL:     7   Next: 35%
Magic:  7/7        EV:  9    Int:  6    God:    Qazlal [**....]
Gold:   126        SH: 12    Dex: 14    Spells: 6/6 levels left

rFire    . . .     SeeInvis .   a - +0 long sword
rCold    . . .     Gourm    .   c - +0 kite shield
rNeg     . . .     Faith    .   b - +0 scale mail
rPois    .         Spirit   .   (no helmet)
rElec    .         Reflect  .   (no cloak)
rCorr    .         Harm     .   s - +0 pair of gloves
MR       +....                  (no boots)
Stlth    ..........             (no amulet)
HPRegen  0.15/turn              m - ring of protection from magic
MPRegen  0.10/turn              (no ring)

@: no status effects
A: small, mutation resistance 1
a: Upheaval, Renounce Religion


You were on level 4 of the Dungeon.
You worshipped Qazlal.
Qazlal was pleased with you.
You were very hungry.

You visited 1 branch of the dungeon, and saw 4 of its levels.

You collected 126 gold pieces.

Inventory:

Hand Weapons
 a - a +0 long sword (weapon)
Armour
 b - a +0 scale mail (worn)
 c - a +0 kite shield (worn)
 s - a +0 pair of gloves (worn)
Jewellery
 m - a ring of protection from magic (left hand)
Scrolls
 e - a scroll of remove curse
 h - a scroll of blinking {unknown}
 k - a scroll of fear
 l - a scroll of enchant armour {unknown}
 o - a scroll of fog
 p - a scroll of amnesia
 u - a scroll of identify
Potions
 g - a potion of cancellation
 i - 2 potions of stabbing
Comestibles
 f - 9 rations


   Skills:
 - Level 2.6 Fighting
 + Level 7.5 Long Blades
 - Level 3.2 Armour
 - Level 3.2 Shields


You had 6 spell levels left.
You didn't know any spells.
Your spell library was empty.

Dungeon Overview and Level Annotations

Branches:
Dungeon (4/15)
 Temple: D:4-7

Altars:
Ashenzari
Nemelex Xobeh
Okawaru
Qazlal

Annotations:
D:4 Grinder


Innate Abilities, Weirdness & Mutations

You are small and have problems with some larger weapons.
You are somewhat resistant to further mutation.


Message History

Robin hits you but does no damage. The goblin hits you with a +0 club.
You slash Robin!
You kill Robin!
Qazlal accepts your kill. You block the goblin's attack.
A hobgoblin comes into view. It is wielding a +0 club.
You feel better.
Grinder rolls her eyes.
Grinder hits you.
You writhe in agony.
* * * LOW HITPOINT WARNING * * *
The goblin closely misses you.
You riposte.
You closely miss the goblin. You hit Grinder.
Grinder is heavily wounded.
A goblin comes into view.
Grinder barely misses you. The goblin hits you with a +0 club.
* * * LOW HITPOINT WARNING * * *
You barely miss Grinder.
Grinder is heavily wounded.
Grinder hits you.
You die...

#### ############..###
##...##..##..g...###
#........5..#lg....###
#.>)......###5#......###
#......)..#
#@###......###
..#.....).ยง.#
#g..###......###
#.####+##...#
###...###......#+#
#.###..##...# #
##..?###......#
#..#.......g#.#
..##......##
#..#..........#
##.o....##
+..#.......#..#
##......##
#..######..##.#
#......##
##.<######'#####
#......##


You could see Grinder, an iguana, a hobgoblin and 2 goblins.

Vanquished Creatures
  Sigmund (D:4)
  An ogre (D:4)
  2 worker ants (D:4)
  An orc wizard (D:3)
  A hound skeleton (D:4)
  Robin (D:4)
  4 adders
  5 worms
  2 dart slugs
  3 leopard geckos (D:1)
  9 orcs (D:3)
  A ball python (D:4)
  2 giant cockroaches (D:2)
  6 goblins
  10 hobgoblins
  8 jackals (D:3)
  10 kobolds
  A quokka (D:3)
  4 bats
  5 frilled lizards
  5 rats
82 creatures vanquished.

Notes
Turn   | Place    | Note
-------+----------+-------------------------------------------
     0 | D:1      | ufetubus the Halfling Fighter began the quest for the Orb.
     0 | D:1      | Reached XP level 1. HP: 15/15 MP: 1/1
   121 | D:1      | Reached XP level 2. HP: 20/20 MP: 2/2
   235 | D:1      | Found a shattered altar of Ashenzari.
   283 | D:1      | Reached skill level 3 in Long Blades
   494 | D:1      | Reached XP level 3. HP: 25/25 MP: 3/3
  1052 | D:2      | Found a sparkling altar of Nemelex Xobeh.
  1075 | D:2      | Found an iron altar of Okawaru.
  1472 | D:2      | Found a faded altar of an unknown god.
  1475 | D:2      | Became a worshipper of Qazlal Stormbringer
  1475 | D:2      | Reached * piety under Qazlal
  1700 | D:3      | Reached skill level 4 in Long Blades
  1700 | D:3      | Reached XP level 4. HP: 26/30 MP: 4/4
  2223 | D:3      | Reached XP level 5. HP: 33/35 MP: 5/5
  2331 | D:3      | Reached ** piety under Qazlal
  2598 | D:3      | Reached skill level 5 in Long Blades
  2774 | D:4      | Noticed Sigmund
  2782 | D:4      | Killed Sigmund
  2782 | D:4      | Reached skill level 6 in Long Blades
  2782 | D:4      | Reached XP level 6. HP: 30/41 MP: 6/6
  3013 | D:4      | Identified the +4 dagger of the Hills {venom, +Fly rN+
                  | Int+2}
  3015 | D:4      | Noticed an ogre
  3019 | D:4      | Noticed Grinder
  3114 | D:4      | Noticed Robin
  3143 | D:4      | HP: 2/41 [ogre/+0 giant club (15)]
  3145 | D:4      | Killed an ogre
  3145 | D:4      | Reached skill level 7 in Long Blades
  3145 | D:4      | Reached XP level 7. HP: 2/45 MP: 7/7
  3364 | D:4      | Killed Robin
  3367 | D:4      | Slain by Grinder

Illustrated notes

Levels and vault maps discovered:
D:1:      saegor_arrival_simple_b, layout_rooms, nicolae_ashenzari_panopticon
D:2:      layout_rooms, nicolae_overflow_hidden_temple,
          chequers_ecumenical_altar_grove, first_ration, chequers_jeans,
          hex_medium, okawaru_ov_weapons_minmay
D:3:      corexii_shack_village, layout_loops_cross
D:4:      minmay_razor_zed, layout_gridville, serial_shops, shop, uniq_sigmund,
          uniq_grinder, uniq_robin

Skill      XL: |  1  2  3  4  5  6 |
---------------+-------------------+-----
Long Blades    | 3 4 6 7 |  7.5
Fighting       | |  2.6
Armour         | |  3.2
Shields        | |  3.2

Action                   |  1- 3 |  4- 6 |  7- 9 || total
-------------------------+-------+-------+-------++-------
Melee: Long sword        |    86 |   175 |    27 ||   288
  Use: Scroll            |       |    10 |       ||    10
       Potion            |       |     3 |     2 ||     5
  Eat: Chunk             |     2 |     5 |       ||     7
Armor: Scale mail        |    27 |    55 |    16 ||    98
Dodge: Dodged            |    27 |    44 |    11 ||    82
Block: Kite shield       |    33 |   114 |    15 ||   162
       Rpst.: Long sword |    11 |    13 |     4 ||    28
